 Dungeon Crawl Stone Soup version 0.23.1-37-gaa34b87b72 (webtiles) character file.

Game seed: 5991548368948622464

107 Chiseanne the Skirmisher (level 4, -1/35 HPs)
             Began as a Demonspawn Wanderer on Mar 24, 2019.
             Slain by an adder (2 damage)
             ... on level 4 of the Dungeon.
             The game lasted 00:05:29 (3558 turns).

Chiseanne the Skirmisher (Demonspawn Wanderer)      Turns: 3558, Time: 00:05:29

Health: -1/35      AC: 10    Str: 18    XL:     4   Next: 56%
Magic:  8/8        EV: 15    Int: 15    God:
Gold:   152        SH:  0    Dex: 15    Spells: 8/8 levels left

rFire    + . .     SeeInvis .   a - +2 spear
rCold    . . .     Gourm    .   (no shield)
rNeg     . . .     Faith    .   h - +0 scale mail
rPois    .         Spirit   .   u - +1 helmet
rElec    .         Reflect  .   (no cloak)
rCorr    .         Harm     .   (no gloves)
MR       .....                  (no boots)
Stlth    +.........             p - amulet of regeneration
HPRegen  0.51/turn              e - +2 ring of dexterity
MPRegen  0.11/turn              d - -3 ring of dexterity (curse)

@: mighty, agile, lethally poisoned (-1 -> -7)
A: thin metallic scales 1, fire resistance 1
a: no special abilities


You were on level 4 of the Dungeon.
You were hungry.

You visited 1 branch of the dungeon, and saw 4 of its levels.

You collected 152 gold pieces.

Inventory:

Hand Weapons
 a - a +2 spear (weapon)
 g - a +0 club
 j - a +0 hand axe
 r - a +0 dagger of electrocution
Missiles
 b - 124 stones (quivered)
 k - 89 arrows
 l - 19 poisoned needles
Armour
 h - a +0 scale mail (worn)
 u - a +1 helmet (worn)
Jewellery
 d - a cursed -3 ring of dexterity (right hand)
 e - a +2 ring of dexterity (left hand)
 i - an uncursed ring of protection from magic {unknown}
 p - an amulet of regeneration (around neck)
Scrolls
 m - a scroll of fear
 q - a scroll of teleportation
Potions
 c - a potion of lignification
 n - 2 potions of mutation
 s - a potion of curing
Comestibles
 f - 4 rations


   Skills:
 * Level 3.1 Fighting
 * Level 1.6 Armour
 * Level 1.8 Dodging
 - Level 1.0 Stealth
   Level 1.0 Shields
 * Level 2.9 Spellcasting
   Level 1.0 Summonings
   Level 2.0 Poison Magic


You had 8 spell levels left.
You didn't know any spells.
Your spell library contained the following spells:

 Spells                   Type           Power        Failure   Level  Hunger
 Searing Ray              Conj           #.....       69%         2    ##.....
 Throw Flame              Conj/Fire      #.....       69%         2    ##.....


Dungeon Overview and Level Annotations

Branches:
Dungeon (4/15)
 Temple: D:4-7

Altars:
Uskayaw


Innate Abilities, Weirdness & Mutations

You are partially covered in thin metallic scales. (AC +2)
Your flesh is heat resistant. (rF+)


Message History

The scorpion closely misses you.
Your scale mail prevents you from hitting the scorpion.
The scorpion is heavily wounded.
You feel sick. The adder closely misses you. The iguana completely misses you.
The giant cockroach bites you but does no damage.
The scorpion stings you but does no damage.
You closely miss the scorpion.
The scorpion is heavily wounded.
You feel sick. The adder completely misses you.
The giant cockroach closely misses you. The iguana closely misses you.
The adder closely misses you. The scorpion stings you.
* * * LOW HITPOINT WARNING * * *
You are lethally poisoned!
The scorpion poisons you! The giant cockroach closely misses you.
You hit the scorpion.
The scorpion is almost dead.
* * * LOW HITPOINT WARNING * * *
You feel sick. The iguana misses you. The adder bites you but does no damage.
The adder bites you.
You die...

#.####.######..
..................... .
#####..#####........ .
#..#####..#.....#.#
####.##......#.....#.#
#....................
#.......#+#........# #
...#.#รท.+ +.....SS.#.##
...>.#..#+#.....@s."..#
.....#..........sl.##...
.....#................#
.....#..................
.....#.........####...#.
.....#.........## #....
................... ....
.....#.........#### #..
.....##.......## .$


You could see a scorpion, an iguana, 2 adders and a giant cockroach.

Vanquished Creatures
  3 adders
  A worm (D:3)
  3 dart slugs
  4 leopard geckos
  An orc (D:3)
  6 giant cockroaches
  5 hobgoblins
  3 jackals (D:1)
  2 quokkas
  4 bats
  2 frilled lizards
  12 goblins
  9 kobolds
  6 rats
61 creatures vanquished.

Notes
Turn   | Place    | Note
-------+----------+-------------------------------------------
     0 | D:1      | Chiseanne the Demonspawn Wanderer began the quest for the
                  | Orb.
     0 | D:1      | Chiseanne set off with the following items: a +2 spear, a
                  | potion of lignification, a +0 robe, a ration; and the
                  | following spells available to memorise: Searing Ray, Throw
                  | Flame
     0 | D:1      | Reached XP level 1. HP: 16/16 MP: 3/3
   634 | D:1      | Gained mutation: You are partially covered in thin metallic
                  | scales. (AC +2) [demonic ancestry]
   634 | D:1      | Reached XP level 2. HP: 21/22 MP: 5/5
   697 | D:1      | Reached skill level 1 in Dodging
   794 | D:1      | Gained mutation: Your flesh is heat resistant. (rF+)
                  | [demonic ancestry]
   794 | D:1      | Reached XP level 3. HP: 25/28 MP: 6/6
  1145 | D:2      | Noticed a +0 hand axe
  1146 | D:2      | Found a hide-covered altar of Uskayaw.
  1146 | D:2      | Noticed a +0 hand axe
  2215 | D:2      | Reached XP level 4. HP: 33/34 MP: 8/8
  2657 | D:3      | Reached skill level 3 in Fighting
  3558 | D:4      | HP: 1/35 [poisoned by a scorpion]
  3558 | D:4      | Slain by an adder

Skill      XL: |  1  2  3  4 |
---------------+-------------+-----
Dodging        | 1 |  1.8
Fighting       | 3 |  3.1
Armour         | |  1.6
Stealth        | |  1.0
Shields        | |  1.0
Spellcasting   | |  2.9
Summonings     | |  1.0
Poison Magic   | |  2.0

Action                   |  1- 3 |  4- 6 || total
-------------------------+-------+-------++-------
Melee: Spear             |   172 |    85 ||   257
  Use: Scroll            |     4 |     2 ||     6
       Potion            |       |     3 ||     3
 Stab: Sleeping          |     1 |       ||     1
  Eat: Chunk             |     4 |     4 ||     8
Armor: Scale mail        |    76 |    48 ||   124
Dodge: Dodged            |    84 |    57 ||   141
